 Dungeon Crawl Stone Soup version 0.28-a0-1447-ga5a8893891 (webtiles) character file.

Game seed: 369123742169836426

958 derath95 the Digger (level 7, -2/50 HPs)
             Began as a Red Draconian Earth Elementalist on Jan 10, 2022.
             Slain by a killer bee (5 damage)
             ... on level 4 of the Dungeon.
             The game lasted 00:16:50 (5404 turns).

derath95 the Digger (DrEE)                          Turns: 5404, Time: 00:16:51

Health: -2/50      AC:  6    Str: 11    XL:     7   Next: 91%
Magic:  5/16       EV: 12    Int: 17    God:
Gold:   161        SH:  0    Dex: 11    Spells: 12/18 levels left

rFire   + . .      SeeInvis .   i - +5 club
rCold   . . .      Faith    .   (no shield)
rNeg    . . .      Spirit   .   (armour unavailable)
rPois   .          Reflect  .   (helmet restricted)
rElec   .          Harm     .   (no cloak)
rCorr   .          Rampage  .   (no gloves)
Will    .....                   (no boots)
Stlth   ++........              (no amulet)
HPRegen 0.16/turn               (no ring)
MPRegen 0.15/turn               (no ring)

@: lethally poisoned (-2 -> -7)
A: breathe fire, AC +6, unfitting armour, fire resistance 1, cold-blooded
a: Breathe Fire


You were on level 4 of the Dungeon.
You visited 1 branch of the dungeon, and saw 6 of its levels.

You collected 161 gold pieces.

Inventory:

Hand Weapons
 i - a +5 club (weapon)
 k - a +0 flail
Missiles
 b - 4 stones
Jewellery
 h - an amulet of magic regeneration
Scrolls
 a - 4 scrolls of amnesia
 e - 4 scrolls of identify
 f - 2 scrolls of teleportation
Potions
 d - a potion of flight {unknown}


   Skills:
 - Level 1.9 Dodging
 - Level 2.0 Stealth
 + Level 6.0 Spellcasting
 - Level 1.2 Transmutations
 + Level 7.0 Earth Magic


You had 12 spell levels left.
You knew the following spells:

 Your Spells              Type           Power      Damage    Failure   Level
a - Sandblast             Erth           58%        2d13      1%          1
b - Passwall              Tmut/Erth      15%        N/A       3%          2
c - Stone Arrow           Conj/Erth      34%        3d9       9%          3

Your spell library contained the following spells:

 Spells                   Type           Power      Damage    Failure   Level
 Petrify                  Tmut/Erth      19%        N/A       22%         4


Dungeon Overview and Level Annotations

Branches:
Dungeon (6/15)
 Temple: D:4-7

Altars:

Shops:
D:4 !

Annotations:
D:4 1 transporter


Innate Abilities, Weirdness & Mutations

You can breathe blasts of fire.
Your fiery red scales are hard. (AC +6)
You cannot fit into any form of body armour.
Your flesh is heat resistant. (rF+)
You are cold-blooded and may be slowed by cold attacks.


Message History

Casting: Sandblast (safe; 1% risk of failure)
Confirm with . or Enter, or press ? or * to list all spells.
Aiming: Sandblast (safe; 1% risk of failure)
Press: ? - help, Shift-Dir - straight line, f/p - killer bee
Aim: a killer bee (61% to hit)
The blast of sand hits the killer bee!
You kill the killer bee!
You feel sick. The killer bee barely misses you.
Your Spellcasting skill increases to level 6!
Casting: Sandblast (safe; 1% risk of failure)
Confirm with . or Enter, or press ? or * to list all spells.
Aiming: Sandblast (safe; 1% risk of failure)
Press: ? - help, Shift-Dir - straight line, f/p - killer bee
Aim: a killer bee (61% to hit)
The blast of sand hits the killer bee!
The killer bee is severely wounded.
You feel sick. The killer bee closely misses you. The killer bee stings you.
* * * LOW HITPOINT WARNING * * *
You are lethally poisoned!
The killer bee poisons you!
Casting: Sandblast (safe; 1% risk of failure)
Confirm with . or Enter, or press ? or * to list all spells.
Aiming: Sandblast (safe; 1% risk of failure)
Press: ? - help, Shift-Dir - straight line, f/p - killer bee
Aim: a killer bee (severely wounded, 61% to hit)
The blast of sand hits the killer bee!
You kill the killer bee!
* * * LOW HITPOINT WARNING * * *
You feel sick. The killer bee completely misses you.
Your Earth Magic skill increases to level 7!
Casting: Sandblast (safe; 1% risk of failure)
Confirm with . or Enter, or press ? or * to list all spells.
Aiming: Sandblast (safe; 1% risk of failure)
Press: ? - help, Shift-Dir - straight line, f - killer bee
Aim: a killer bee (61% to hit)
The blast of sand hits the killer bee!
The killer bee is heavily wounded.
* * * LOW HITPOINT WARNING * * *
You feel sick. The killer bee stings you.
You die...

# ##...#####'#....# # #
#............##.. #
#............#... #
#............##### #
######............###.## # #
#...........#.#........###. #
#.#########.#.#.........©.. #
#.#....####.#y##.....y..... #
#.#.........#@###....y.#.y. #
#.####)######.###..........
####...............#.......^..
..........#####....#..........
#########.# #....######....#
### #....# ##### #....# #....#
#....#


You could see a killer bee.

Vanquished Creatures
  Grinder (D:4)
  A centaur (D:5)
  2 scorpions
  5 killer bees (D:4)
  A jelly (D:4)
  A hound (D:5)
  Jessica (D:2)
  An orc wizard (D:3)
  A hound skeleton (D:4)
  Robin (D:2)
  4 adders
  3 gnolls (D:4)
  An ufetubus (D:4)
  A worm (D:4)
  3 dart slugs
  7 orcs
  6 bats
  9 endoplasms
  3 giant cockroaches
  14 goblins
  7 hobgoblins
  12 jackals
  3 quokkas
  11 ball pythons
  6 frilled lizards
  5 kobolds
  4 rats
114 creatures vanquished.

Notes
Turn   | Place    | Note
-------+----------+-------------------------------------------
     0 | D:1      | derath95 the Draconian Earth Elementalist began the quest
                  | for the Orb.
     0 | D:1      | Reached XP level 1. HP: 14/14 MP: 3/3
    65 | D:1      | Reached XP level 2. HP: 5/20 MP: 0/5
   537 | D:1      | Found a faded altar of an unknown god.
   825 | D:1      | Reached XP level 3. HP: 26/26 MP: 1/6
  1395 | D:2      | Noticed Jessica
  1401 | D:2      | Killed Jessica
  1402 | D:2      | Reached XP level 4. HP: 23/33 MP: 2/8
  1505 | D:2      | Reached skill level 4 in Earth Magic
  1902 | D:2      | Noticed Robin
  1911 | D:2      | Killed Robin
  2396 | D:2      | Learned a level 2 spell: Passwall
  2400 | D:2      | Learned a level 3 spell: Stone Arrow
  2419 | D:3      | Reached XP level 5. HP: 38/38 MP: 10/10
  2440 | D:3      | Identified the +4 scale mail "Dits" {rPois rN+ rCorr
                  | Slay+3}
  2963 | D:3      | Reached skill level 5 in Earth Magic
  3329 | D:4      | Reached XP level 6. HP: 25/45 MP: 12/12
  3599 | D:4      | Noticed Grinder
  3613 | D:4      | Paralysed by Grinder for 4 turns
  3617 | D:4      | Killed Grinder
  3618 | D:4      | Reached skill level 5 in Spellcasting
  3618 | D:4      | Your scales start taking on a fiery red colour.
  3618 | D:4      | Reached XP level 7. HP: 22/50 MP: 7/14
  3618 | D:4      | Gained mutation: Your flesh is heat resistant. (rF+) [Red
                  | Draconian growth]
  3833 | D:4      | Reached skill level 6 in Earth Magic
  4568 | D:4      | Found Axkomoh's Distillery.
  4569 | D:4      | You fall into a shaft and drop 2 floors!
  4575 | D:5      | Entered Level 5 of the Dungeon
  5092 | D:4      | Found a transporter.
  5404 | D:4      | Reached skill level 7 in Earth Magic
  5404 | D:4      | Slain by a killer bee

Illustrated notes

Levels and vault maps discovered:
D:1:      lightli_arrival_farm, layout_loops_ring,
          chequers_ecumenical_altar_grove
D:2:      layout_basic, uniq_jessica, uniq_robin
D:3:      layout_loops_ring, minmay_misc_feat_diagonals,
          kennysheep_decorative_pillar, feat_on_display
D:4:      layout_basic, gammafunk_ghost_abyssal_escape, serial_shops,
          nicolae_shop_waterfront, uniq_grinder
D:5:      layout_loops_ring, nemelex_xobeh_ov_fountains_minmay, temple_pool_b,
          uniq_edmund
D:6:      layout_rooms, bloody_trog, nicolae_inconvenience_store

Skill      XL: |  1  2  3  4  5  6  7 |
---------------+----------------------+-----
Stealth        | 2 |  2.0
Spellcasting   | 3 4 5 6 |  6.0
Earth Magic    | 4 5 7 |  7.0
Dodging        | |  1.9
Transmutations | |  1.2

Action                   |  1- 3 |  4- 6 |  7- 9 || total
-------------------------+-------+-------+-------++-------
Melee: Unarmed           |    82 |       |       ||    82
       Tailslap          |    10 |    10 |     7 ||    27
       Club              |       |    92 |    54 ||   146
       Punch             |       |     1 |     1 ||     2
 Cast: Sandblast         |    39 |    39 |    28 ||   106
  Use: Scroll            |       |     6 |     2 ||     8
       Potion            |       |     1 |       ||     1
 Stab: Sleeping          |       |     5 |     3 ||     8
Armor: Skin              |    39 |    40 |    15 ||    94
Dodge: Dodged            |    54 |    72 |    83 ||   209

Table legend: (Time is in decaauts)
 A = Elapsed time spent in this place.
 B = Non-inter-level travel time spent in this place.
 C = Inter-level travel time spent in this place.
 D = Time resting spent in this place.
 E = Time spent auto-exploring this place.
 F = Levels seen in this place.
 G = Mean time per level.
                   A        B        C        D        E       F      G
               +--------+--------+--------+--------+--------+-----+--------+
         Total |   5470 |   5446 |     24 |    747 |   3328 |   6 |  911.7 |
       Dungeon |   5470 |   5446 |     24 |    747 |   3328 |   6 |  911.7 |
               +--------+--------+--------+--------+--------+-----+--------+

Top non-repeatable levels by time:
     D:4: 1756 daAuts
     D:1: 1413 daAuts
     D:2: 1039 daAuts
     D:3: 906 daAuts
     D:5: 348 daAuts
     D:6: 5 daAuts
